 Dungeon Crawl Stone Soup version 0.28-a0-97-g102d6777a4 (webtiles) character file.

Game seed: 16224495000764779784

23800 Witten the Bludgeoner (level 12, -5/113 HPs)
             Began as a Minotaur Berserker on Aug 9, 2021.
             Was a High Priest of Trog.
             Slain by a boulder beetle (8 damage)
             ... on level 13 of the Dungeon.
             The game lasted 00:56:25 (13026 turns).

Witten the Bludgeoner (Minotaur Berserker)         Turns: 13026, Time: 00:56:27

Health: -5/113     AC: 22    Str: 26    XL:     12   Next: 75%
Magic:  11/11      EV:  9    Int:  4    God:    Trog [*****.]
Gold:   781        SH:  0    Dex: 11    Spells: 11/11 levels left

rFire   . . .      SeeInvis .   L - +1 dire flail
rCold   . . .      Faith    .   (shield currently unavailable)
rNeg    . . .      Spirit   .   G - +0 plate armour
rPois   .          Reflect  .   (helmet restricted)
rElec   .          Harm     .   B - +0 cloak
rCorr   .          Rampage  .   (no gloves)
Will    .....                   h - +0 pair of boots
Stlth   ..........              (no amulet)
HPRegen 0.28/turn               x - +4 ring of protection
MPRegen 0.12/turn               v - ring of flight

@: on berserk cooldown, flying, slowed, very slow
A: horns 2, retaliatory headbutt
a: Renounce Religion, Berserk, Trog's Hand, Brothers in Arms


You were on level 13 of the Dungeon.
You worshipped Trog.
Trog was extremely pleased with you.
You visited 1 branch of the dungeon, and saw 13 of its levels.

You collected 836 gold pieces.
You spent 55 gold pieces at shops.

Inventory:

Hand Weapons
 l - a +0 morningstar
 A - a +3 battleaxe
 L - a +1 dire flail (weapon)
Missiles
 R - 6 boomerangs (quivered)
Armour
 h - a +0 pair of boots (worn)
 B - a +0 cloak (worn)
 F - a +2 ring mail of poison resistance
 G - a +0 plate armour (worn)
Jewellery
 p - a ring of protection from cold
 v - a ring of flight (right hand)
 x - a +4 ring of protection (left hand)
 P - a ring of ice
Wands
 q - a wand of flame (94)
 S - a wand of iceblast (19)
Scrolls
 c - 4 scrolls of enchant weapon
 d - a scroll of holy word {unknown}
 f - a scroll of noise {unknown}
 g - 4 scrolls of fear
 j - 3 scrolls of enchant armour {unknown}
 n - a scroll of blinking {unknown}
 o - 3 scrolls of magic mapping
 s - a scroll of fog {unknown}
 y - a scroll of torment {unknown}
 C - a scroll of acquirement {unknown}
 K - a scroll of vulnerability {unknown}
 M - 7 scrolls of teleportation {unknown}
 Q - a scroll of summoning {unknown}
 U - 2 scrolls of silence {unknown}
Potions
 a - 4 potions of curing
 b - a potion of magic {unknown}
 e - a potion of brilliance {unknown}
 i - 3 potions of flight
 k - 5 potions of might
 r - 3 potions of attraction
 t - a potion of berserk rage
 u - 3 potions of haste
 D - a potion of ambrosia {unknown}
 I - a potion of invisibility {unknown}
 J - 2 potions of lignification
 T - a potion of cancellation {unknown}


   Skills:
 + Level 12.5 Fighting
 * Level 9.6(13.7) Axes
 - Level 15.7(16.5) Maces & Flails
 - Level 1.4 Throwing
 - Level 12.0 Armour
 + Level 4.6 Dodging
 - Level 0.6 Stealth


You had 11 spell levels left.
You didn't know any spells.
Your spell library was empty.

Dungeon Overview and Level Annotations

Branches:
Dungeon (13/15)            Temple (0/1) D:7            Lair (0/6) D:10
    Orc (0/2) D:9
 Vaults: D:13-14

Altars:
Ashenzari
Dithmenos
Elyvilon
Fedhas
Gozag
Hepliaklqana
Makhleb
Nemelex Xobeh
Okawaru
Ru
Sif Muna
Uskayaw
Wu Jian
Xom
Beogh

Shops:
D:8 !

Portals:
Trove: D:13 (give 16 scrolls of teleportation)


Innate Abilities, Weirdness & Mutations

You have a pair of horns on your head.
You reflexively headbutt those who attack you in melee.


Message History

You headbutt the manticore!
The manticore claws you but does no damage.
The manticore barely misses you.
You hit the boulder beetle but do no damage.
The boulder beetle is almost dead.
The boulder beetle bites you but does no damage.
The manticore barely misses you.
The manticore claws you but does no damage.
The manticore claws you.
* * * LOW HITPOINT WARNING * * *
You hit the boulder beetle.
You headbutt the boulder beetle, but do no damage.
The boulder beetle is almost dead.
Your skin stops crawling.
You feel less strong-willed.
The hornet changes into a meliai!
The boulder beetle leaps!
The manticore bites you.
* * * LOW HITPOINT WARNING * * *
The manticore claws you but does no damage.
The manticore claws you!
* * * LOW HITPOINT WARNING * * *
The boulder beetle curls into a ball and begins rolling!
The manticore flicks its tail.
The volley of spikes hits you but does no damage.
The manticore bites you but does no damage.
The manticore closely misses you. The manticore claws you!
* * * LOW HITPOINT WARNING * * *
The boulder beetle hits you but does no damage.
The boulder beetle stops rolling and uncurls.
The manticore closely misses you. You furiously retaliate!
You headbutt the manticore. The manticore misses you.
The manticore barely misses you. The meliai hits you.
* * * LOW HITPOINT WARNING * * *
The meliai barely misses you.
You impale the skeletal warrior!!
The skeletal warrior is moderately damaged.
The meliai closely misses you. You furiously retaliate!
You headbutt the meliai!
The meliai stings you but does no damage.
The boulder beetle bites you!
You die...

# ..... ..... ..... .... .
#... #..#
..#...#######..####
......#..#..#..#..#
..##.........#........#
............###.).)..#
.......###....Hz###.......
..# .. #.)..y@..# .......
##..## #..#.B#..# .#.}.#.
....##.#######.°####
##._.#
....##.#..#..#.°#.[# ).#
#...##....#.(......# .H.
#...##...###.÷....## ...
#...##........###.....
....##.........# .....
.8..##......#..# .#..#


You could see a boulder beetle, a skeletal warrior, a manticore and a meliai
shaped shifter.

Vanquished Creatures
  Harold (D:7)
  2 hydras
  2 boulder beetles
  7 two-headed ogres
  3 ugly things
  2 deep elf pyromancers
  2 cyclopes
  Maurice (D:8)
  A gargoyle (D:11)
  A kobold demonologist (D:13)
  4 komodo dragons
  A yaktaur (shapeshifter) (D:13)
  An unseen horror (D:12)
  A troll (D:11)
  A meliai (D:13)
  Prince Ribbit (D:7)
  3 slime creatures (D:13)
  2 wraiths
  A basilisk (D:12)
  A steam dragon (D:10)
  13 yaks
  Menkaure (D:7)
  2 vampire mosquitoes (D:11)
  Edmund (D:4)
  An acid dragon (D:13)
  Duvessa (D:4)
  The ghost of sobakacece the Sneak, an amateur SpEn (D:4)
  6 orc warriors
  An ice beast (D:5)
  A black bear (D:6)
  3 sky beasts
  3 necrophages (D:8)
  A hornet zombie (D:6)
  An ogre (D:6)
  14 centaurs
  2 phantoms (D:4)
  A kobold brigand (D:9)
  2 bullfrogs (D:10)
  Blork the orc (D:4)
  4 scorpions
  4 gnoll sergeants
  Dowan (D:4)
  A water moccasin skeleton (D:6)
  4 killer bees (D:10)
  15 wights
  4 howler monkeys
  6 centaur zombies
  2 hounds
  2 jellies
  10 orc priests
  A bullfrog skeleton (D:5)
  2 gnoll shamans
  Terence (D:2)
  2 iguanas
  10 orc wizards
  3 howler monkey zombies
  A howler monkey skeleton (D:7)
  22 gnolls
  3 adders
  2 white imps
  2 worms
  6 dart slugs
  41 orcs
  8 bats
  6 endoplasms
  3 giant cockroaches (D:1)
  7 goblins
  9 hobgoblins
  16 jackals
  3 quokkas
  3 ball pythons
  5 frilled lizards
  12 kobolds
  4 rats
  A bush (D:8)
320 creatures vanquished.

Vanquished Creatures (collateral kills)
  Fannar (D:10)
1 creature vanquished.

Vanquished Creatures (others)
  16 fungi (D:10)
  24 plants
40 creatures vanquished.

Grand Total: 361 creatures vanquished

Notes
Turn   | Place    | Note
-------+----------+-------------------------------------------
     0 | D:1      | Witten the Minotaur Berserker began the quest for the Orb.
     0 | D:1      | Reached XP level 1. HP: 19/19 MP: 0/0
   215 | D:1      | Reached skill level 4 in Maces & Flails
   364 | D:1      | Reached XP level 2. HP: 24/27 MP: 1/1
   690 | D:1      | Reached XP level 3. HP: 17/33 MP: 2/2
  1333 | D:1      | Found a faded altar of an unknown god.
  1596 | D:2      | Reached ** piety under Trog
  1721 | D:2      | Reached skill level 5 in Maces & Flails
  1728 | D:2      | Noticed Terence
  1735 | D:2      | Killed Terence
  1736 | D:2      | Reached XP level 4. HP: 41/41 MP: 3/3
  2530 | D:3      | Reached XP level 5. HP: 47/47 MP: 4/4
  2538 | D:3      | Reached skill level 6 in Maces & Flails
  3085 | D:4      | Noticed a phantom
  3092 | D:4      | Killed a phantom
  3184 | D:4      | Found an iron altar of Okawaru.
  3187 | D:4      | Noticed Edmund
  3189 | D:4      | Reached skill level 7 in Maces & Flails
  3189 | D:4      | Reached XP level 6. HP: 53/53 MP: 5/5
  3201 | D:4      | Killed Edmund
  3227 | D:4      | Reached *** piety under Trog
  3823 | D:4      | Noticed Duvessa
  3823 | D:4      | Noticed Dowan
  3826 | D:4      | Reached skill level 8 in Maces & Flails
  3831 | D:4      | Killed Duvessa
  3832 | D:4      | Reached XP level 7. HP: 60/60 MP: 6/6
  3834 | D:4      | Killed Dowan
  3835 | D:4      | Reached skill level 5 in Fighting
  4331 | D:4      | Found a runed translucent gate.
  4331 | D:4      | Found a runed translucent gate.
  4332 | D:4      | Found a runed translucent gate.
  4333 | D:4      | Noticed sobakacece's ghost (amateur SpEn)
  4350 | D:4      | Killed sobakacece's ghost
  4351 | D:4      | Reached skill level 9 in Maces & Flails
  4705 | D:4      | Noticed Blork the orc
  4710 | D:4      | Killed Blork the orc
  4735 | D:5      | Entered Level 5 of the Dungeon
  4778 | D:5      | Reached XP level 8. HP: 52/69 MP: 7/7
  4853 | D:5      | Found a broken altar of Ashenzari.
  4941 | D:5      | Reached skill level 10 in Maces & Flails
  5238 | D:6      | Reached skill level 5 in Armour
  5556 | D:6      | Reached skill level 11 in Maces & Flails
  6149 | D:6      | Reached XP level 9. HP: 75/75 MP: 8/8
  6284 | D:6      | Found a hazy altar of Hepliaklqana.
  6406 | D:6      | Reached skill level 12 in Maces & Flails
  6680 | D:7      | Noticed Harold
  6690 | D:7      | Killed Harold
  6801 | D:7      | Found an opulent altar of Gozag.
  6801 | D:7      | Found a sparkling altar of Nemelex Xobeh.
  6903 | D:7      | Reached skill level 13 in Maces & Flails
  7070 | D:7      | Noticed Prince Ribbit
  7075 | D:7      | Noticed Menkaure
  7084 | D:7      | Killed Menkaure
  7089 | D:7      | Killed Prince Ribbit
  7102 | D:7      | You are sucked into a shaft and drop 3 floors!
  7102 | D:10     | Entered Level 10 of the Dungeon
  7207 | D:9      | Reached **** piety under Trog
  7387 | D:9      | Found a staircase to the Orcish Mines.
  7410 | D:9      | Reached XP level 10. HP: 74/86 MP: 9/9
  7492 | D:9      | Reached skill level 14 in Maces & Flails
  7500 | D:8      | Found a shimmering altar of Xom.
  7610 | D:8      | Found a sacrificial altar of Ru.
  7742 | D:7      | Found a staircase to the Ecumenical Temple.
  7809 | D:8      | Found a white marble altar of Elyvilon.
  7885 | D:8      | Found Viynnok's Distillery.
  7893 | D:8      | Bought a potion of heal wounds for 55 gold pieces
  7987 | D:8      | Found a hide-covered altar of Uskayaw.
  7987 | D:8      | Noticed a +0 dagger
  7987 | D:8      | Noticed a +0 dagger
  8018 | D:8      | Noticed a two-headed ogre
  8022 | D:8      | Killed a two-headed ogre
  8177 | D:8      | Found an ornate altar of the Wu Jian Council.
  8265 | D:8      | Found a blossoming altar of Fedhas.
  8395 | D:8      | Found a shimmering blue altar of Sif Muna.
  8519 | D:8      | Noticed Maurice
  8538 | D:8      | Killed Maurice
  8539 | D:8      | Reached skill level 15 in Maces & Flails
  8837 | D:9      | Reached skill level 1 in Throwing
  8992 | D:9      | Found a shadowy altar of Dithmenos.
  9219 | D:10     | Noticed a two-headed ogre
  9227 | D:10     | Killed a two-headed ogre
  9228 | D:10     | Reached XP level 11. HP: 51/95 MP: 10/10
  9467 | D:10     | Reached ***** piety under Trog
  9833 | D:10     | Noticed Fannar
  9839 | D:10     | Killed Fannar
 10063 | D:10     | Found a staircase to the Lair.
 10328 | D:11     | Noticed a two-headed ogre
 10329 | D:11     | Noticed a two-headed ogre
 10335 | D:11     | Killed a two-headed ogre
 10336 | D:11     | Reached skill level 10 in Fighting
 10336 | D:11     | Reached skill level 10 in Armour
 10340 | D:11     | Killed a two-headed ogre
 10356 | D:11     | Noticed a boulder beetle
 10372 | D:11     | Killed a boulder beetle
 10630 | D:11     | Noticed a two-headed ogre
 10638 | D:11     | Killed a two-headed ogre
 11369 | D:12     | Noticed a two-headed ogre
 11379 | D:12     | Killed a two-headed ogre
 11488 | D:12     | Reached XP level 12. HP: 95/110 MP: 11/11
 11594 | D:12     | Noticed a seven-headed hydra
 11604 | D:12     | Killed a seven-headed hydra
 11845 | D:12     | Reached skill level 1 in Axes
 12031 | D:12     | Noticed a two-headed ogre
 12033 | D:12     | Noticed a boulder beetle
 12044 | D:12     | Killed a boulder beetle
 12046 | D:12     | Killed a two-headed ogre
 12263 | D:12     | Reached skill level 5 in Axes
 12369 | D:12     | Found an iron altar of Okawaru.
 12667 | D:13     | Found a portal to a secret trove of treasure.
 12684 | D:13     | Noticed an eight-headed hydra
 12691 | D:13     | Killed a nine-headed hydra
 12995 | D:13     | Found a burning altar of Makhleb.
 12995 | D:13     | Noticed a boulder beetle
 13025 | D:13     | HP: 3/113 [meliai (shapeshifter) (4)]
 13026 | D:13     | Slain by a boulder beetle

Illustrated notes

Levels and vault maps discovered:
D:1:      dpeg_cavernosity, layout_basic, dilly_ecumenical_altar_fadedgnrine
D:2:      layout_basic, uniq_terence
D:3:      layout_loops_cross
D:4:      layout_basic, lemuel_tele_altar, ebering_ghost_rock_garden,
          corexii_checkpoint_a, uniq_blork_the_orc, uniq_duvessa, uniq_edmund
D:5:      layout_rooms, mainiacjoe_overflow_cross_hatched, glass_columns_b
D:6:      wad_crossroads, layout_basic,
          mainiacjoe_overflow_concentric_impassable
D:7:      layout_cave_pools, grunt_temple_overflow_opulence,
          minmay_temple_entry_nine_rooms, uniq_menkaure, uniq_harold,
          uniq_prince_ribbit1
D:8:      layout_rooms, dancing_weapons_uskayaw, fedhas_altar_decomposition,
          nzn_wu_jian_contemplation, led_sif_pool, grunt_temple_overflow_open,
          serial_shops, shop, chequers_mini_garden, uniq_maurice
D:9:      layout_roguey, old_standard_altar, david_orc_5
D:10:     layout_basic, grunt_lair_entry_orc_guard_hut, uniq_fannar
D:11:     layout_basic
D:12:     layout_rooms, serial_glass, glass_columns_a, glass_columns_a,
          glass_columns_b, glass_columns_a, glass_columns_b, glass_columns_c,
          glass_columns_a, glass_columns_b, glass_columns_a, glass_columns_a,
          david_defended_altar_orc
D:13:     hangedman_cross_cluster, layout_long_grid, david_vaults_2,
          enter_trove_2

Skill      XL: |  1  2  3  4  5  6  7  8  9 10 11 12 |
---------------+-------------------------------------+-----
Maces & Flails | 4 5 7 8 9 11 13 15 | 15.7
Fighting       | 4 5 6 7 8 11 12 | 12.5
Dodging        | 3 4 |  4.6
Armour         | 3 4 5 6 8 11 12 | 12.0
Throwing       | 1 |  1.4
Axes           | 9 |  9.6
Stealth        | |  0.6

Action                   |  1- 3 |  4- 6 |  7- 9 | 10-12 || total
-------------------------+-------+-------+-------+-------++-------
Melee: Mace              |    78 |       |       |       ||    78
       Headbutt          |    10 |    16 |    48 |   130 ||   204
       Morningstar       |       |    99 |   224 |    59 ||   382
       Dire flail        |       |       |       |   357 ||   357
       Battleaxe         |       |       |       |    54 ||    54
Throw: Throwing net      |       |       |       |     1 ||     1
Invok: Berserk           |     2 |     3 |     9 |    14 ||    28
       Trog's Hand       |       |     1 |     5 |     6 ||    12
       Brothers in Arms  |       |       |       |     2 ||     2
  Use: Scroll            |       |       |       |    10 ||    10
       Potion            |       |       |       |     3 ||     3
Armor: Animal skin       |    23 |       |       |       ||    23
       Scale mail        |       |    50 |     1 |       ||    51
       Chain mail        |       |       |    96 |    10 ||   106
       Plate armour      |       |       |       |   296 ||   296
Dodge: Dodged            |    53 |    40 |    94 |   220 ||   407

Table legend: (Time is in decaauts)
 A = Elapsed time spent in this place.
 B = Non-inter-level travel time spent in this place.
 C = Inter-level travel time spent in this place.
 D = Time resting spent in this place.
 E = Time spent auto-exploring this place.
 F = Levels seen in this place.
 G = Mean time per level.
                   A        B        C        D        E       F      G
               +--------+--------+--------+--------+--------+-----+--------+
         Total |  13142 |  12896 |    246 |    360 |  10526 |  13 | 1010.9 |
       Dungeon |  13142 |  12896 |    246 |    360 |  10526 |  13 | 1010.9 |
               +--------+--------+--------+--------+--------+-----+--------+

Top non-repeatable levels by time:
     D:4: 1694 daAuts
     D:6: 1484 daAuts
     D:1: 1479 daAuts
    D:12: 1135 daAuts
     D:8: 1131 daAuts
    D:10: 1076 daAuts
    D:11: 1031 daAuts
     D:2: 887 daAuts
     D:3: 761 daAuts
     D:9: 755 daAuts
     D:7: 621 daAuts
    D:13: 592 daAuts
     D:5: 489 daAuts
